 Dungeon Crawl Stone Soup version 0.26.1-11-gd32895ea62 (webtiles) character file.

Game seed: 2181116760709060468

1387 buriedalive the Nimble (level 8, 0/37 (41) HPs)
             Began as a Deep Elf Ice Elementalist on July 6, 2021.
             Was an Initiate of Ashenzari.
             Slain by a wight
             ... wielding a +3 battleaxe
              (4 damage)
             ... on level 6 of the Dungeon.
             The game lasted 00:12:25 (7179 turns).

buriedalive the Nimble (Deep Elf Ice Elementalist)  Turns: 7179, Time: 00:12:25

HP:   0/37 (41)     AC: 18    Str:  5    XL:     8   Next: 40%
MP:   6/14          EV: 17    Int: 23    God:    Ashenzari [......]
Gold: 399           SH:  0    Dex: 15    Spells: 2/13 levels left

rFire    . . .     SeeInvis .   s - +4 short sword (drain) (curse)
rCold    + . .     Faith    .   (no shield)
rNeg     . . .     Spirit   .   y - +2 leather armour {rC+}
rPois    .         Reflect  .   (no helmet)
rElec    .         Harm     .   v - +2 cloak
rCorr    .         Rampage  .   B - +1 pair of gloves
Will     +....                  b - +1 pair of boots
Stlth    ++........             (no amulet)
HPRegen  0.12/turn              l - ring of wizardry
MPRegen  0.14/turn              u - ring of willpower

@: icy armour, frozen ramparts, drained
A: no striking features
a: Renounce Religion, Curse Item


You were on level 6 of the Dungeon.
You worshipped Ashenzari.
Ashenzari was noncommittal.
You visited 2 branches of the dungeon, and saw 7 of its levels.

You collected 453 gold pieces.
You spent 54 gold pieces at shops.

Inventory:

Hand Weapons
 d - a +1 dagger of pain
 g - a +0 rapier of holy wrath
 k - a +0 dagger
 s - a cursed +4 short sword of draining (weapon)
Missiles
 e - 22 poisoned darts (quivered)
 i - 120 stones
Armour
 b - a +1 pair of boots (worn)
 o - a scarf of repulsion
 v - a +2 cloak (worn)
 y - a +2 leather armour of cold resistance (worn)
 B - a +1 pair of gloves (worn)
Jewellery
 a - an uncursed ring of flight
 l - a ring of wizardry (left hand)
 q - an uncursed ring of protection from cold
 t - an uncursed ring of protection from cold
 u - a ring of willpower (right hand)
Wands
 f - a wand of polymorph (2)
 r - a wand of iceblast (9)
 w - a wand of acid (6)
Scrolls
 h - a scroll of magic mapping
 m - a scroll of immolation {unknown}
 n - 4 scrolls of identify
 x - 2 scrolls of blinking {unknown}
 A - a scroll of fog {unknown}
Potions
 c - a potion of curing
 j - 2 potions of cancellation {unknown}
 p - a potion of invisibility
 z - 3 potions of flight {unknown}
 C - a potion of brilliance {unknown}


   Skills:
 + Level 9.1 Dodging
 - Level 2.4 Stealth
 - Level 3.0 Spellcasting
 + Level 3.9 Summonings
 - Level 8.1 Ice Magic


You had 2 spell levels left.
You knew the following spells:

 Your Spells              Type           Power        Failure   Level
a - Freeze                Ice            100%         1%          1
b - Frozen Ramparts       Ice            82%          1%          3
c - Ozocubu's Armour      Ice            41%          1%          3
d - Summon Ice Beast      Ice/Summ       31%          6%          4

Your spell library contained the following spells:

 Spells                   Type           Power        Failure   Level
 Animate Skeleton         Necr           6%           8%          1
 Pain                     Necr           12%          8%          1
 Hailstorm                Conj/Ice       22%          14%         4
 Vampiric Draining        Necr           1%           22%         3
 Animate Dead             Necr           1%           56%         4
 Agony                    Necr           3%           88%         5


Dungeon Overview and Level Annotations

Branches:
Dungeon (6/15)             Temple (1/1) D:5

Altars:
Ashenzari
Dithmenos
Elyvilon
Fedhas
Gozag
Hepliaklqana
Kikubaaqudgha
Makhleb
Nemelex Xobeh
Qazlal
Ru
Sif Muna
Trog
Uskayaw
Vehumet
Wu Jian
Xom
Zin
The Shining One

Shops:
D:5 [

Annotations:
D:4 3 runed translucent doors, JBAR's ghost, novice HOFi; oc3rt's ghost, amateur KoHu


Message History

You hit the wight.
The wight is almost destroyed.
The wight resists.
The wall freezes the wight.
The wight completely misses you.
You closely miss the wight.
The wight is almost destroyed.
The frozen ramparts melt away.
The wight hits you with a +3 battleaxe!
You feel drained.
You hit the wight but do no damage.
The wight is almost destroyed.
The wight closely misses you.
Casting: Ozocubu's Armour (safe; 1% risk of failure)
Confirm with . or Enter, or press ? or * to list all spells.
Casting: Frozen Ramparts (safe; 1% risk of failure)
Press: ? - help, Dir - look around, f - activate The walls around you are covered in ice.
The wight resists.
The wall freezes the wight.
The wight hits you with a +3 battleaxe!
* * * LOW HITPOINT WARNING * * *
You feel drained.
You die...

#..#### #.# #.## #.# #.#
#.# # ####.# ##.# #.
#....# ####...# #..
#.########....### #...
#.##.............
#....###.##..........###
#....z@.##..<.......#
#....##.............###
?.........##..........##.
.#..#[...#............#..
... ..#....#######.......
## ..###.... #....... ...
..#..# #..>....... ....
.. ... #.#........ #
#....###.


You could see a wight.

Vanquished Creatures
  Grinder (D:5)
  Sigmund (D:4)
  Edmund (D:5)
  Duvessa (D:4)
  Blork the orc (D:5)
  Dowan (D:4)
  2 scorpions
  A bullfrog zombie (D:5)
  A centaur skeleton (D:4)
  A hound (D:3)
  3 orc wizards
  Crazy Yiuf (D:3)
  3 orc priests (D:4)
  Jessica (D:4)
  Natasha (thrice) (D:3)
  An iguana (D:6)
  A worker ant (D:5)
  7 adders
  An ooze (D:4)
  2 adder skeletons (D:4)
  2 worms
  2 dart slugs
  2 leopard geckos
  9 orcs
  7 bats
  A giant cockroach (D:5)
  9 goblins
  4 hobgoblins
  5 jackals
  3 kobolds
  6 quokkas
  4 frilled lizards
  A jackal skeleton (D:5)
  2 leopard gecko skeletons (D:4)
  A quokka skeleton (D:5)
  7 rats
99 creatures vanquished.

Vanquished Creatures (others)
  6 withered plants (D:4)
6 creatures vanquished.

Grand Total: 105 creatures vanquished

Notes
Turn   | Place    | Note
-------+----------+-------------------------------------------
     0 | D:1      | buriedalive the Deep Elf Ice Elementalist began the quest
                  | for the Orb.
     0 | D:1      | Reached XP level 1. HP: 10/10 MP: 6/6
   730 | D:1      | Reached XP level 2. HP: 15/15 MP: 6/8
  1022 | D:2      | Reached skill level 3 in Dodging
  1123 | D:2      | Reached skill level 5 in Ice Magic
  1123 | D:2      | Reached XP level 3. HP: 15/19 MP: 5/9
  1409 | D:2      | Learned a level 3 spell: Frozen Ramparts
  1413 | D:2      | Learned a level 3 spell: Ozocubu's Armour
  1951 | D:2      | Reached skill level 4 in Dodging
  2239 | D:2      | Reached XP level 4. HP: 24/24 MP: 6/10
  2887 | D:3      | Found a blossoming altar of Fedhas.
  3364 | D:3      | Found a stormy altar of Qazlal.
  3364 | D:3      | Found a hazy altar of Hepliaklqana.
  3496 | D:3      | Noticed Natasha
  3506 | D:3      | Killed Natasha
  3891 | D:3      | Noticed Natasha
  3894 | D:3      | Reached XP level 5. HP: 27/28 MP: 4/11
  3898 | D:3      | Killed Natasha
  3899 | D:3      | Reached skill level 5 in Dodging
  3916 | D:3      | Noticed Natasha
  3930 | D:3      | Killed Natasha
  4151 | D:3      | Found a runed translucent door.
  4152 | D:3      | Noticed Crazy Yiuf
  4158 | D:3      | Killed Crazy Yiuf
  4528 | D:4      | Reached XP level 6. HP: 7/32 MP: 7/12
  4528 | D:4      | HP: 1/32 [orc priest/divine providence (12)]
  4536 | D:4      | Reached skill level 6 in Dodging
  4624 | D:4      | Noticed Sigmund
  4644 | D:4      | Killed Sigmund
  4645 | D:4      | Reached XP level 7. HP: 30/36 MP: 7/13
  4822 | D:4      | Noticed Duvessa
  4822 | D:4      | Noticed Dowan
  4840 | D:4      | Reached skill level 7 in Dodging
  4876 | D:4      | Killed Duvessa
  4879 | D:4      | Killed Dowan
  5363 | D:4      | Found a runed translucent gate.
  5364 | D:4      | Found a runed translucent gate.
  5364 | D:4      | Noticed oc3rt's ghost (amateur KoHu)
  5364 | D:4      | Noticed JBAR's ghost (novice HOFi)
  5365 | D:4      | Found a runed translucent gate.
  5553 | D:4      | Found a sparkling altar of Nemelex Xobeh.
  5553 | D:4      | Noticed Jessica
  5557 | D:4      | Killed Jessica
  5845 | D:5      | Entered Level 5 of the Dungeon
  5964 | D:5      | Learned a level 4 spell: Summon Ice Beast
  5984 | D:5      | Noticed Edmund
  5993 | D:5      | Killed Edmund
  5994 | D:5      | Reached skill level 8 in Dodging
  5994 | D:5      | Reached skill level 1 in Summonings
  6000 | D:5      | Reached XP level 8. HP: 39/41 MP: 6/14
  6111 | D:5      | Found Cishru Keejy's Armour Emporium.
  6135 | D:5      | Bought a +0 pair of gloves for 54 gold pieces
  6162 | D:5      | Found a staircase to the Ecumenical Temple.
  6164 | D:5      | Noticed Grinder
  6172 | Temple   | Entered the Ecumenical Temple
  6340 | Temple   | Became a worshipper of Ashenzari the Shackled
  6388 | D:5      | Killed Grinder
  6699 | D:5      | Noticed Blork the orc
  6708 | D:5      | Killed Blork the orc
  6762 | D:5      | Reached skill level 9 in Dodging
  6799 | D:5      | Found a broken altar of Ashenzari.
  7179 | D:6      | Slain by a wight

Illustrated notes

Levels and vault maps discovered:
D:1:      kennysheep_arrival_forest, layout_basic
D:2:      cheibrodos_greedy_goblins, layout_basic
D:3:      layout_loops_corners, old_standard_altar,
          chequers_temple_overflow_statue_of_worship, minmay_misc_feat_roman,
          uniq_natasha, uniq_crazy_yiuf_cottage
D:4:      layout_loops_ring, gammafunk_ghost_cemetery,
          nemelex_lonely_heart_becter, uniq_sigmund, uniq_duvessa
D:5:      layout_cave_pools, minmay_temple_entry_glass, basic_altar,
          serial_shops, shop_coins, uniq_edmund, uniq_grinder,
          uniq_blork_the_orc
D:6:      layout_rooms
Temple:   eino_temple_scatter_basement

Skill      XL: |  1  2  3  4  5  6  7  8 |
---------------+-------------------------+-----
Dodging        | 3 4 5 6 8 9 |  9.1
Ice Magic      | 5 6 7 8 |  8.1
Summonings     | 1 3 |  3.9
Stealth        | |  2.4
Spellcasting   | |  3.0

Action                   |  1- 3 |  4- 6 |  7- 9 || total
-------------------------+-------+-------+-------++-------
Melee: Unarmed           |    15 |       |     6 ||    21
       Dagger            |    11 |    20 |       ||    31
       Short sword       |       |    26 |    56 ||    82
       Rapier            |       |       |    20 ||    20
Throw: Dart              |       |     8 |     1 ||     9
 Cast: Freeze            |    32 |     9 |    13 ||    54
       Frozen Ramparts   |     5 |    13 |    19 ||    37
       Ozocubu's Armour  |       |     5 |     9 ||    14
Invok: Curse Item        |       |       |     1 ||     1
Evoke: Wand              |       |     1 |     1 ||     2
  Use: Scroll            |       |     9 |     1 ||    10
       Potion            |       |     4 |       ||     4
 Stab: Sleeping          |     3 |     2 |     1 ||     6
       Distracted        |       |     2 |       ||     2
Armor: Robe              |     8 |    30 |     5 ||    43
       Leather armour    |       |       |    12 ||    12
Dodge: Dodged            |    38 |    46 |    72 ||   156
